%YAML 1.1
%TAG !u! tag:unity3d.com,2011:
--- !u!1 &2423670472111503020
GameObject:
  m_ObjectHideFlags: 0
  m_CorrespondingSourceObject: {fileID: 0}
  m_PrefabInstance: {fileID: 0}
  m_PrefabAsset: {fileID: 0}
  serializedVersion: 6
  m_Component:
  - component: {fileID: 2423670472111503021}
  - component: {fileID: 2423670472111503022}
  m_Layer: 0
  m_Name: Shop
  m_TagString: Untagged
  m_Icon: {fileID: 0}
  m_NavMeshLayer: 0
  m_StaticEditorFlags: 0
  m_IsActive: 1
--- !u!4 &2423670472111503021
Transform:
  m_ObjectHideFlags: 0
  m_CorrespondingSourceObject: {fileID: 0}
  m_PrefabInstance: {fileID: 0}
  m_PrefabAsset: {fileID: 0}
  m_GameObject: {fileID: 2423670472111503020}
  m_LocalRotation: {x: 0, y: 0, z: 0, w: 1}
  m_LocalPosition: {x: 0.97, y: 0.241, z: -2.03}
  m_LocalScale: {x: 1, y: 1, z: 1}
  m_Children:
  - {fileID: 2423670473151454425}
  m_Father: {fileID: 0}
  m_RootOrder: 0
  m_LocalEulerAnglesHint: {x: 0, y: 0, z: 0}
--- !u!65 &2423670472111503022
BoxCollider:
  m_ObjectHideFlags: 0
  m_CorrespondingSourceObject: {fileID: 0}
  m_PrefabInstance: {fileID: 0}
  m_PrefabAsset: {fileID: 0}
  m_GameObject: {fileID: 2423670472111503020}
  m_Material: {fileID: 0}
  m_IsTrigger: 0
  m_Enabled: 1
  serializedVersion: 2
  m_Size: {x: 1.7546034, y: 3.3659632, z: 5.8462763}
  m_Center: {x: -0.08872509, y: 1.1829816, z: 0.0977304}
--- !u!1 &2423670473151454424
GameObject:
  m_ObjectHideFlags: 0
  m_CorrespondingSourceObject: {fileID: 0}
  m_PrefabInstance: {fileID: 0}
  m_PrefabAsset: {fileID: 0}
  serializedVersion: 6
  m_Component:
  - component: {fileID: 2423670473151454425}
  m_Layer: 0
  m_Name: Model
  m_TagString: Untagged
  m_Icon: {fileID: 0}
  m_NavMeshLayer: 0
  m_StaticEditorFlags: 0
  m_IsActive: 1
--- !u!4 &2423670473151454425
Transform:
  m_ObjectHideFlags: 0
  m_CorrespondingSourceObject: {fileID: 0}
  m_PrefabInstance: {fileID: 0}
  m_PrefabAsset: {fileID: 0}
  m_GameObject: {fileID: 2423670473151454424}
  m_LocalRotation: {x: 0, y: 0, z: 0, w: 1}
  m_LocalPosition: {x: 0, y: 0, z: 0}
  m_LocalScale: {x: 1, y: 1, z: 1}
  m_Children:
  - {fileID: 2749484996252451501}
  m_Father: {fileID: 2423670472111503021}
  m_RootOrder: 0
  m_LocalEulerAnglesHint: {x: 0, y: 0, z: 0}
--- !u!1001 &2423670472439342406
PrefabInstance:
  m_ObjectHideFlags: 0
  serializedVersion: 2
  m_Modification:
    m_TransformParent: {fileID: 2423670473151454425}
    m_Modifications:
    - target: {fileID: -8679921383154817045, guid: 1f86042b3a5c5c14baa17edab790d157, type: 3}
      propertyPath: m_RootOrder
      value: 0
      objectReference: {fileID: 0}
    - target: {fileID: -8679921383154817045, guid: 1f86042b3a5c5c14baa17edab790d157, type: 3}
      propertyPath: m_LocalPosition.x
      value: 0
      objectReference: {fileID: 0}
    - target: {fileID: -8679921383154817045, guid: 1f86042b3a5c5c14baa17edab790d157, type: 3}
      propertyPath: m_LocalPosition.y
      value: 0
      objectReference: {fileID: 0}
    - target: {fileID: -8679921383154817045, guid: 1f86042b3a5c5c14baa17edab790d157, type: 3}
      propertyPath: m_LocalPosition.z
      value: 0
      objectReference: {fileID: 0}
    - target: {fileID: -8679921383154817045, guid: 1f86042b3a5c5c14baa17edab790d157, type: 3}
      propertyPath: m_LocalRotation.w
      value: 0.7071068
      objectReference: {fileID: 0}
    - target: {fileID: -8679921383154817045, guid: 1f86042b3a5c5c14baa17edab790d157, type: 3}
      propertyPath: m_LocalRotation.x
      value: 0
      objectReference: {fileID: 0}
    - target: {fileID: -8679921383154817045, guid: 1f86042b3a5c5c14baa17edab790d157, type: 3}
      propertyPath: m_LocalRotation.y
      value: -0.7071068
      objectReference: {fileID: 0}
    - target: {fileID: -8679921383154817045, guid: 1f86042b3a5c5c14baa17edab790d157, type: 3}
      propertyPath: m_LocalRotation.z
      value: 0
      objectReference: {fileID: 0}
    - target: {fileID: -8679921383154817045, guid: 1f86042b3a5c5c14baa17edab790d157, type: 3}
      propertyPath: m_LocalEulerAnglesHint.x
      value: 0
      objectReference: {fileID: 0}
    - target: {fileID: -8679921383154817045, guid: 1f86042b3a5c5c14baa17edab790d157, type: 3}
      propertyPath: m_LocalEulerAnglesHint.y
      value: -90
      objectReference: {fileID: 0}
    - target: {fileID: -8679921383154817045, guid: 1f86042b3a5c5c14baa17edab790d157, type: 3}
      propertyPath: m_LocalEulerAnglesHint.z
      value: 0
      objectReference: {fileID: 0}
    - target: {fileID: -7629685206718814333, guid: 1f86042b3a5c5c14baa17edab790d157, type: 3}
      propertyPath: m_Materials.Array.data[0]
      value: 
      objectReference: {fileID: 2100000, guid: 38fa59ab4687b61418c8827bc51e6727, type: 2}
    - target: {fileID: -5836552744715497169, guid: 1f86042b3a5c5c14baa17edab790d157, type: 3}
      propertyPath: m_Materials.Array.data[0]
      value: 
      objectReference: {fileID: 2100000, guid: 38fa59ab4687b61418c8827bc51e6727, type: 2}
    - target: {fileID: -3059918069457676742, guid: 1f86042b3a5c5c14baa17edab790d157, type: 3}
      propertyPath: m_LocalScale.x
      value: 0.50449365
      objectReference: {fileID: 0}
    - target: {fileID: -3059918069457676742, guid: 1f86042b3a5c5c14baa17edab790d157, type: 3}
      propertyPath: m_LocalScale.y
      value: 0.50449365
      objectReference: {fileID: 0}
    - target: {fileID: -3059918069457676742, guid: 1f86042b3a5c5c14baa17edab790d157, type: 3}
      propertyPath: m_LocalScale.z
      value: 0.50449365
      objectReference: {fileID: 0}
    - target: {fileID: 919132149155446097, guid: 1f86042b3a5c5c14baa17edab790d157, type: 3}
      propertyPath: m_Name
      value: shop
      objectReference: {fileID: 0}
    - target: {fileID: 1421808893355220190, guid: 1f86042b3a5c5c14baa17edab790d157, type: 3}
      propertyPath: m_Materials.Array.data[0]
      value: 
      objectReference: {fileID: 2100000, guid: 38fa59ab4687b61418c8827bc51e6727, type: 2}
    - target: {fileID: 3176427289716535728, guid: 1f86042b3a5c5c14baa17edab790d157, type: 3}
      propertyPath: m_Materials.Array.data[0]
      value: 
      objectReference: {fileID: 2100000, guid: 38fa59ab4687b61418c8827bc51e6727, type: 2}
    m_RemovedComponents: []
  m_SourcePrefab: {fileID: 100100000, guid: 1f86042b3a5c5c14baa17edab790d157, type: 3}
--- !u!4 &2749484996252451501 stripped
Transform:
  m_CorrespondingSourceObject: {fileID: -8679921383154817045, guid: 1f86042b3a5c5c14baa17edab790d157, type: 3}
  m_PrefabInstance: {fileID: 2423670472439342406}
  m_PrefabAsset: {fileID: 0}
